 Dungeon Crawl Stone Soup version 0.23.2-1-ga50397a6bc (webtiles) character file.

Game seed: 13858463467827457247

1535 Morbidden the Gusty (level 8, -6/48 HPs)
             Began as a Tengu Air Elementalist on May 11, 2019.
             Mangled by an orc warrior
             ... wielding a +0 hand axe
              (12 damage)
             ... on level 8 of the Dungeon.
             The game lasted 00:23:11 (6726 turns).

Morbidden the Gusty (Tengu Air Elementalist)        Turns: 6726, Time: 00:23:12

Health: -6/48      AC:  5    Str:  9    XL:     8   Next: 86%
Magic:  12/17      EV: 13    Int: 18    God:
Gold:   233        SH:  0    Dex: 14    Spells: 15/18 levels left

rFire    . . .     SeeInvis .   e - +1 mace (protect)
rCold    . . .     Gourm    .   (no shield)
rNeg     . . .     Faith    .   l - +0 ring mail (curse)
rPois    .         Spirit   .   (helmet restricted)
rElec    .         Reflect  .   (no cloak)
rCorr    .         Harm     .   (no gloves)
MR       .....                  (boots unavailable)
Stlth    +.........             k - amulet of rage
HPRegen  0.16/turn              (no ring)
MPRegen  0.15/turn              (no ring)

@: flying quickly and evasively, lightly drained, quick
A: beak, talons 3, able to fly
a: Stop Flying, Evoke Berserk Rage


You were on level 8 of the Dungeon.
You were not hungry.

You visited 1 branch of the dungeon, and saw 8 of its levels.

You collected 233 gold pieces.

Inventory:

Hand Weapons
 e - a +1 mace of protection (weapon)
 p - a +4 antimagic scythe
Armour
 l - a cursed +0 ring mail (worn)
Jewellery
 k - an amulet of rage (around neck)
 v - the ring of Eternal Harmony {Ice rN+ Str+5 Slay+2}
   (You found it on level 6 of the Dungeon)

   [ring of ice]

   It enhances your ice magic.
   It affects your strength (+5).
   It affects your accuracy and damage with ranged weapons and melee attacks
   (+2).
   It makes you vulnerable to fire.
   It protects you from cold.
   It protects you from negative energy.
Wands
 b - a wand of digging (5)
 n - a wand of polymorph (11)
 x - a wand of paralysis (9)
Scrolls
 f - a scroll of remove curse
 g - a scroll of blinking {unknown}
 h - 2 scrolls of fog
 j - a scroll of teleportation
 m - a scroll of random uselessness {unknown}
 o - a scroll of enchant armour {unknown}
 s - a scroll of immolation {unknown}
Potions
 a - a potion of agility {unknown}
 i - a potion of degeneration {unknown}
 q - a potion of brilliance {unknown}
 r - a potion of flight
 t - a potion of curing {unknown}
 u - a potion of mutation {unknown}
Comestibles
 c - 8 rations
 w - a chunk of flesh


   Skills:
 * Level 4.4(4.3) Fighting
 - Level 0.2(0.1) Polearms
 + Level 2.9(2.8) Armour
 + Level 3.4(3.3) Dodging
 - Level 2.0(1.9) Stealth
 * Level 5.9(5.8) Spellcasting
 + Level 5.3(5.1) Conjurations
 + Level 1.0(0.9) Charms
 + Level 6.8(6.7) Air Magic
 + Level 1.3(1.1) Evocations


You had 15 spell levels left.
You knew the following spells:

 Your Spells              Type           Power        Failure   Level  Hunger
a - Shock                 Conj/Air       ####         3%          1    None
b - Swiftness             Chrm/Air       ###.....     11%         2    None

Your spell library contained the following spells:

 Spells                   Type           Power        Failure   Level  Hunger
 Static Discharge         Conj/Air       ####....     9%          3    ##.....
 Airstrike                Air            ####......   21%         4    ####...
 Corona                   Hex            #......      32%         1    None
 Slow                     Hex            #.......     45%         2    None
 Lightning Bolt           Conj/Air       ####......   63%         5    #####..
 Inner Flame              Hex/Fire       #.......     69%         3    ##.....
 Portal Projectile        Hex/Tloc       #.....       69%         3    ##.....
 Cause Fear               Hex            #.........   97%         4    ####...
 Leda's Liquefaction      Hex/Erth       #.........   97%         4    ####...


Dungeon Overview and Level Annotations

Branches:
Dungeon (9/15)
 Temple: D:4-7         Lair: D:8-11         Orc: D:9-12

Altars:
Makhleb
Ru
Sif Muna
Trog


Innate Abilities, Weirdness & Mutations

You have a beak for a mouth.
You have claws for feet.
You can fly continuously.


Message History

The orc warrior is lightly wounded.
The orc warrior hits you with a +0 hand axe.
* * * LOW HITPOINT WARNING * * *
You hit the orc warrior but do no damage.
Your weapon exudes an aura of protection.
You claw the orc warrior, but do no damage.
The orc warrior is lightly wounded.
The orc warrior barely misses you.
Unknown command.
Found 23 sling bullets.
You see here 23 sling bullets.
You reach down and open the door.
Your magical contamination has completely faded away.
There is an open door here.
Okay, then.
Okay, then.
It was a potion of flight.
You feel more buoyant.
The orc warrior hits you with a +0 hand axe!
You die...

..# .... .....
t..P. .....
l.P.. ####
####### .....
#...####.....##
....
#....(.'....o@+
..#
#....###.....##
# #....#
#.....#
####.##......+
#.##......#
#.##.######
#.##.# #.##.#
#.##.#


You could see an orc warrior.

Vanquished Creatures
  Sigmund (D:5)
  2 ice beasts
  A black bear (D:4)
  2 ogres
  A big kobold (D:8)
  A scorpion (D:6)
  4 wights (D:6)
  3 crimson imps
  3 orc wizards
  A bullfrog skeleton (D:4)
  An orc priest (D:4)
  7 worker ants
  8 adders
  An ooze (D:1)
  An adder zombie (D:4)
  A worm (D:3)
  4 dart slugs
  4 leopard geckos
  25 orcs
  5 bats
  10 giant cockroaches
  5 goblins
  12 hobgoblins
  7 jackals
  5 quokkas
  8 frilled lizards
  12 kobolds
  A leopard gecko skeleton (D:4)
  8 rats
144 creatures vanquished.

Notes
Turn   | Place    | Note
-------+----------+-------------------------------------------
     0 | D:1      | Morbidden the Tengu Air Elementalist began the quest for
                  | the Orb.
     0 | D:1      | Reached XP level 1. HP: 10/10 MP: 4/4
   268 | D:1      | Reached XP level 2. HP: 11/16 MP: 4/6
   475 | D:1      | Reached XP level 3. HP: 20/20 MP: 1/7
  1013 | D:2      | Reached skill level 1 in Fighting
  1024 | D:2      | Learned a level 2 spell: Swiftness
  1173 | D:2      | Found a deep blue altar of Sif Muna.
  1201 | D:2      | Found a burning altar of Makhleb.
  1443 | D:2      | Reached skill level 5 in Air Magic
  1443 | D:2      | Reached XP level 4. HP: 17/25 MP: 1/8
  2478 | D:3      | Gained mutation: You can fly continuously. [Tengu growth]
  2478 | D:3      | Reached XP level 5. HP: 19/30 MP: 0/10
  2990 | D:3      | Found a sacrificial altar of Ru.
  3100 | D:4      | Noticed a black bear
  3110 | D:4      | Killed a black bear
  3110 | D:4      | Reached skill level 1 in Armour
  3110 | D:4      | Reached XP level 6. HP: 23/36 MP: 7/12
  3858 | D:4      | Reached XP level 7. HP: 40/40 MP: 10/14
  4550 | D:5      | Entered Level 5 of the Dungeon
  4793 | D:5      | Found a bloodstained altar of Trog.
  4849 | D:5      | Reached skill level 6 in Air Magic
  4907 | D:5      | Noticed Sigmund
  4923 | D:5      | Killed Sigmund
  4923 | D:5      | Reached skill level 1 in Evocations
  4974 | D:5      | Reached XP level 8. HP: 46/46 MP: 5/16
  5073 | D:5      | Reached skill level 5 in Spellcasting
  6189 | D:6      | Got a twitching iron ring
  6190 | D:6      | Identified the ring of Eternal Harmony {Ice rN+ Str+5
                  | Slay+2} (You found it on level 6 of the Dungeon)
  6329 | D:6      | Reached skill level 5 in Conjurations
  6455 | D:6      | Reached skill level 1 in Charms
  6566 | D:6      | You are sucked into a shaft for 3 floors!
  6632 | D:8      | Noticed an elephant
  6701 | D:8      | HP: 2/48 [orc warrior/+0 hand axe (5)]
  6726 | D:8      | Mangled by an orc warrior

Skill      XL: |  1  2  3  4  5  6  7  8 |
---------------+-------------------------+-----
Fighting       | 1 2 3 4 |  4.4
Conjurations   | 2 3 4 5 |  5.3
Air Magic      | 5 6 |  6.8
Spellcasting   | 3 4 5 |  5.9
Armour         | 1 2 |  2.9
Dodging        | 3 |  3.4
Evocations     | 1 |  1.3
Charms         | 1 |  1.0
Polearms       | |  0.2
Stealth        | |  2.0

Action                   |  1- 3 |  4- 6 |  7- 9 || total
-------------------------+-------+-------+-------++-------
Melee: Unarmed           |    22 |       |       ||    22
       Peck              |     3 |    13 |     7 ||    23
       Kick              |     5 |    16 |    22 ||    43
       Mace              |     3 |    89 |    97 ||   189
       Scythe            |       |       |     4 ||     4
 Cast: Shock             |    78 |    99 |   125 ||   302
       Swiftness         |       |     1 |     2 ||     3
 Abil: Evoke Berserk Rag |       |     2 |     2 ||     4
       Fly               |       |     1 |       ||     1
  Use: Scroll            |     1 |     1 |     4 ||     6
       Potion            |       |       |     2 ||     2
  Eat: Chunk             |     3 |     9 |     7 ||    19
       Ration            |       |       |     1 ||     1
Armor: Robe              |     4 |       |       ||     4
       Ring mail         |       |    63 |    48 ||   111
Dodge: Dodged            |    17 |   108 |   103 ||   228
